Map: Blueshift LE

Players

noFreeWill

  • Race: Zerg Zerg
  • League: Master
  • Spawn Location: 1:00

Light - Winner!

  • Race: Zerg Zerg
  • League: Bronze
  • Spawn Location: 7:00

VOD

Have the link to the VOD?

Description

Time

  • Played on: Nov. 9, 2018, 10:19 a.m.
  • Length: 16:58
Show
View Real Time Build Order
Export as new Build Order

noFreeWill Zerg 

Build Orders: Hatch First 

Get SALT Encoding   

  12  0:01  Drone  
  13  0:14  Overlord  
  13  0:18  Drone  
  14  0:32  Drone x2  
  16  0:50  Hatchery  
  16  0:53  Drone  
  16  0:55  Drone  
  17  0:59  Drone  
  18  1:09  Extractor  
  17  1:15  Spawning Pool  
  17  1:17  Drone  
  17  1:20  Drone  
  18  1:30  Drone  
  19  1:42  Drone  
  20  1:52  Overlord  
  20  2:02  Queen x2  
  20  2:03  Zergling x4  
  26  2:14  Metabolic Boost  
  26  2:26  Drone x2  
  28  2:30  Hatchery  
  28  2:36  Drone  
  27  2:45  Baneling Nest  
  27  2:47  Drone  
  27  2:48  Drone  
  28  2:54  Overlord  
  28  2:59  Drone x2  
  28  3:02  Zergling x4  
  32  3:13  Overlord  
  32  3:17  Drone x4  
  36  3:24  Drone x3  
  39  3:28  Drone  
  39  3:34  Evolution Chamber  
  38  3:45  Drone x3  
  38  3:46  Zergling x8  
  38  3:47  Zergling x2  
  45  3:50  Overlord  
  44  4:06  Drone  
  44  4:07  Drone  
  44  4:08  Zerg Missile Weapons Level 1  
  45  4:13  Drone x2  
  45  4:14  Extractor x2, Roach Warren  
  45  4:15  Drone  
  45  4:18  Drone  
  46  4:27  Drone x2  
  46  4:28  Drone  
  46  4:29  Drone x2  
  51  4:31  Lair  
  51  4:37  Queen  
  53  4:42  Baneling x2  
  53  4:46  Drone x4  
  55  4:53  Overlord  
  55  4:59  Overlord x2  
  53  5:10  Roach  
  53  5:11  Roach x5  
  63  5:25  Drone x4  
  67  5:30  Glial Reconstitution  
  67  5:32  Overseer  
  67  5:38  Zergling x10  
  67  5:40  Roach  
  67  5:41  Roach x4  
  82  5:48  Drone x3  
  85  5:57  Unknown  
  85  6:00  Drone x3  
  85  6:03  Overlord x4  
  85  6:04  Overlord  
  88  6:16  Overseer  
  88  6:25  Zerg Missile Weapons Level 2  
  88  6:27  Roach x9  
  106  6:35  Overlord  
  104  6:42  Spore Crawler  
  104  6:44  Spine Crawler, Spore Crawler  
  97  6:47  Spine Crawler  
  97  6:48  Hatchery  
  94  6:54  Overseer  
  94  6:57  Queen  
  94  6:59  Queen  
  94  7:00  Drone x2  
  100  7:06  Overseer  
  102  7:08  Roach  
  102  7:09  Roach x2  
  102  7:10  Overlord  
  106  7:17  Drone x3  
  106  7:18  Drone  
  110  7:24  Drone x3  
  110  7:26  Extractor  
  110  7:27  Extractor x2  
  96  7:46  Drone x2  
  96  7:47  Drone x2  
  96  7:49  Roach x6  
  96  7:50  Roach x3  
  118  8:02  Baneling  
  118  8:03  Baneling  
  118  8:06  Drone x3  
  118  8:07  Drone x2  
  118  8:08  Tunneling Claws  
  118  8:09  Burrow  
  118  8:11  Zergling x4, Overlord  
  118  8:12  Overlord  
  125  8:26  Roach x8  
  141  8:37  Roach x6  
  141  8:39  Overlord  
  153  8:41  Zerg Ground Armor Level 1  
  142  8:56  Roach  
  142  8:57  Roach x7  
  142  8:59  Overlord x2  
  158  9:04  Overlord  
  158  9:05  Overlord, Overseer  
  158  9:09  Ravager x5  
  157  9:17  Spine Crawler  
  152  9:44  Roach x11  
  174  9:49  Infestation Pit  
  174  9:51  Hydralisk Den  
  174  9:52  Drone x3  
  175  9:53  Extractor x2, Roach x5  
  175  9:54  Drone x3  
  175  9:55  Drone x3  
  175  9:56  Roach x4  
  175  9:57  Roach  
  179  10:06  Roach x9  
  197  10:08  Ravager x2  
  197  10:09  Roach x2  
  187  10:35  Roach  
  187  10:36  Roach x6  
  195  10:58  Roach x3  
  195  11:01  Lurker Den  
  195  11:02  Hive  
  194  11:05  Drone x2  
  194  11:06  Queen  
  194  11:07  Drone x2, Evolution Chamber  
  199  11:18  Hatchery  
  198  11:47  Roach x5  
  198  11:49  Roach x10  
  196  11:56  Roach x2  
  144  12:40  Hatchery  
  144  12:41  Lair  
  144  12:44  Roach x19  
  149  12:45  Roach x3  
  177  12:54  Roach Warren  
  106  13:56  Hatchery  
  105  14:03  Overlord x6  
  87  14:21  Queen  
  80  14:26  Roach x7  
  59  15:00  Roach x9  
  77  15:16  Roach x2  
  77  15:18  Ravager x4  
  77  15:19  Ravager x3  
  42  15:57  Spawning Pool  
  41  16:16  Hatchery  
Show
View Real Time Build Order
Export as new Build Order

Light Zerg - Winner!

Build Orders: Hatch First, Lurkers 

Get SALT Encoding   

  12  0:01  Drone  
  13  0:12  Overlord  
  13  0:17  Drone  
  14  0:32  Drone x2  
  16  0:39  Drone  
  17  0:47  Drone  
  18  0:56  Drone  
  19  1:00  Hatchery  
  19  1:01  Extractor  
  17  1:12  Spawning Pool  
  17  1:15  Drone  
  17  1:19  Drone  
  18  1:29  Drone  
  19  1:39  Overlord  
  19  1:50  Drone  
  20  1:58  Queen  
  22  2:03  Zergling x2  
  22  2:05  Metabolic Boost  
  23  2:13  Drone, Queen  
  23  2:15  Drone  
  27  2:22  Drone  
  28  2:32  Hatchery  
  28  2:33  Zergling x2  
  28  2:36  Drone  
  29  2:52  Queen  
  29  2:55  Drone x2  
  33  3:03  Roach Warren  
  32  3:13  Evolution Chamber  
  32  3:17  Evolution Chamber  
  30  3:25  Drone x3  
  30  3:26  Overlord  
  33  3:27  Drone  
  33  3:28  Drone x2  
  36  3:39  Zerg Missile Weapons Level 1  
  36  3:41  Lair  
  35  4:08  Extractor  
  35  4:09  Extractor, Drone x5  
  40  4:10  Drone x6  
  40  4:12  Roach  
  40  4:15  Roach  
  47  4:24  Spine Crawler  
  47  4:25  Drone x2  
  48  4:32  Drone x2  
  48  4:37  Zerg Ground Armor Level 1  
  50  4:50  Overlord  
  50  4:51  Overlord  
  48  4:57  Overlord  
  49  5:00  Drone x2  
  49  5:02  Overlord x2  
  49  5:12  Queen  
  50  5:15  Roach x4  
  58  5:25  Overseer  
  58  5:27  Glial Reconstitution  
  58  5:28  Drone  
  58  5:29  Extractor, Drone x4  
  62  5:39  Drone x3  
  62  5:40  Zerg Missile Weapons Level 2, Drone  
  66  5:48  Hydralisk Den  
  66  5:49  Drone x2  
  67  5:52  Unknown, Drone x2  
  67  5:53  Drone  
  70  6:15  Drone x5  
  70  6:18  Extractor  
  74  6:20  Extractor  
  74  6:21  Muscular Augments, Roach x2  
  74  6:22  Roach  
  79  6:29  Burrow  
  79  6:31  Drone x4, Hatchery  
  82  6:49  Roach  
  82  6:50  Roach x3  
  80  7:03  Roach  
  80  7:04  Roach x4  
  80  7:05  Lurker Den  
  89  7:10  Overlord x2  
  89  7:11  Overlord x2  
  89  7:12  Zerg Ground Armor Level 2  
  89  7:17  Overlord  
  89  7:34  Roach x3  
  89  7:35  Roach x7  
  89  7:36  Roach x2  
  105  7:54  Hydralisk  
  105  7:55  Hydralisk x7  
  121  7:58  Drone  
  121  7:59  Drone x3  
  125  8:08  Grooved Spines  
  125  8:10  Roach x5  
  135  8:15  Spore Crawler  
  135  8:16  Spine Crawler  
  135  8:19  Tunneling Claws  
  133  8:25  Overlord  
  133  8:31  Roach  
  133  8:33  Overlord x3  
  133  8:34  Overlord  
  135  8:54  Drone x10  
  145  9:00  Spine Crawler  
  145  9:01  Spine Crawler  
  143  9:06  Lurker x2  
  143  9:07  Lurker x3  
  148  9:23  Spine Crawler x2  
  144  9:24  Spine Crawler  
  144  9:25  Roach  
  143  9:56  Roach x13  
  169  10:04  Lurker x2, Hatchery  
  170  10:08  Overlord x2  
  170  10:09  Overlord  
  167  10:22  Spore Crawler  
  160  10:46  Hydralisk x5  
  160  10:47  Hydralisk x7  
  160  10:49  Overlord  
  180  10:59  Overlord  
  180  11:06  Infestation Pit  
  179  11:16  Queen  
  181  11:23  Roach x5  
  181  11:24  Spine Crawler  
  181  11:25  Spine Crawler, Unknown  
  179  11:26  Unknown x2  
  179  11:29  Extractor x2, Drone x8  
  179  11:30  Drone x3  
  188  11:45  Hatchery  
  187  11:57  Hydralisk x13  
  187  11:58  Unknown x3  
  187  11:59  Roach x8, Unknown  
  193  12:22  Lurker x4  
  174  12:23  Lurker x2  
  162  12:40  Hydralisk x5  
  172  12:45  Overseer x3  
  172  12:46  Overseer  
  162  13:07  Lurker x4  
  162  13:09  Lurker  
  160  13:13  Zergling x2  
  160  13:14  Zergling x2  
  123  14:46  Unknown x4  
  123  15:00  Drone x3  
  123  15:01  Drone x3  
  129  16:04  Pneumatized Carapace  
Tags
 
Composition
Lurkers
Matchup
ZvZ
Race
Zerg
Spawn Locations
Cross Positions
Add a new tag
Caveats
  • Supply blocks, unpowered buildings, or Contaminate may cause inaccurate times.
  • Supply counts are checked every 10 seconds.